 Dungeon Crawl Stone Soup version 0.21-a0-369-g397cdb2 (webtiles) character file.

106 Humpert the Slasher (level 4, -1/34 HPs)
             Began as a Demonspawn Gladiator on Oct 15, 2017.
             Slain by an orc priest
             ... wielding a +0 mace
              (5 damage)
             ... on level 3 of the Dungeon.
             The game lasted 00:04:29 (3650 turns).

Humpert the Slasher (Demonspawn Gladiator)          Turns: 3650, Time: 00:04:31

Health: -1/34      AC: 10    Str: 15    XL:     4   Next: 55%
Magic:  0/4        EV: 13    Int: 10    God:
Gold:   152        SH:  0    Dex: 14    Spells: 3/3 levels left

rFire    . . .     SeeInvis .   a - +0 long sword
rCold    . . .     Gourm    .   (no shield)
rNeg     . . .     Faith    .   b - +0 leather armour
rPois    .         Spirit   +   c - +0 helmet
rElec    .         Reflect  .   (no cloak)
rCorr    .         Harm     .   (no gloves)
MR       .....                  (no boots)
Stlth    +.........             e - amulet of magic regeneration
HPRegen  0.11/turn              (no ring)
MPRegen  0.34/turn              (no ring)

@: sanguine armour
A: powered by pain 1, magic shield, sanguine armour 1
a: no special abilities


You were on level 3 of the Dungeon.
You were hungry.

You visited 1 branch of the dungeon, and saw 3 of its levels.

You collected 152 gold pieces.

Inventory:

Hand Weapons
 a - a +0 long sword (weapon)
Missiles
 d - 3 throwing nets (quivered)
Armour
 b - a +0 leather armour (worn)
 c - a +0 helmet (worn)
Jewellery
 e - an amulet of magic regeneration (around neck)
Scrolls
 g - 3 scrolls of identify {unknown}
 h - a scroll of fog {unknown}
 k - a scroll of blinking {unknown}
 m - a scroll of immolation {unknown}
 n - a scroll of remove curse {unknown}
 q - a scroll of teleportation {unknown}
Potions
 i - a potion of heal wounds {unknown}
 j - 3 potions of flight {unknown}
 o - a potion of lignification {unknown}
 p - a potion of mutation {unknown}
 r - a potion of curing {unknown}
Comestibles
 f - 4 bread rations
 l - a royal jelly
 s - a meat ration


   Skills:
 * Level 2.7 Fighting
 + Level 3.7 Long Blades
 - Level 1.7 Throwing
 * Level 1.6 Armour
 + Level 3.1 Dodging


You had 3 spell levels left.
You didn't know any spells.

Dungeon Overview and Level Annotations

Branches:
Dungeon (3/15)

Altars:


Innate Abilities, Weirdness & Mutations

You sometimes gain a little power by taking damage.
When hurt, damage is shared between your health and your magic reserves.
When seriously injured, your bleeding wounds create armour. (AC +6)


Message History

The orc priest barely misses you. The orc hits you but does no damage.
Your leather armour prevents you from hitting the orc priest.
The orc priest is severely wounded.
The orc priest barely misses you.
You riposte.
You hit the orc priest but do no damage.
The orc priest is heavily wounded.
The orc closely misses you.
You hit the orc priest.
The orc priest is almost dead.
The orc priest barely misses you. The orc closely misses you.
You barely miss the orc priest.
The orc priest is almost dead.
The orc priest closely misses you. The orc barely misses you.
You hit the orc priest.
The orc priest is almost dead.
The orc priest mumbles some strange prayers to Beogh against you.
Beogh smites you! The orc hits you with a war axe!
* * * LOW HITPOINT WARNING * * *
The orc priest hits you with a mace.
You die...

..#########.#.######
#..........###.....##############
..#########.#.####...............
..# ##.......#############.
..#### #######.## #.
.....############...######### #.
..##.†......................# #.
..##############)...#######.# #.
..##############@#### #.# ##
...............oo# #.#
..#############..# ##.#### ..##
#..# #.....# ...# #..# ##.##.#
...## #..# ###########.##
....###### #..###<......>.....
.♣P..<...######......#.#######.#.
.P..............>###...# #.#.


You could see an orc priest and an orc.

Vanquished Creatures
  2 adders
  An ooze (D:2)
  3 worms (D:2)
  2 dart slugs
  2 leopard geckos (D:2)
  2 orcs (D:3)
  5 bats
  5 giant cockroaches
  10 goblins
  5 hobgoblins
  3 jackals (D:3)
  3 ball pythons
  4 frilled lizards
  10 kobolds
  7 rats
64 creatures vanquished.

Notes
Turn   | Place    | Note
-------+----------+-------------------------------------------
     0 | D:1      | Humpert the Demonspawn Gladiator began the quest for the Orb.
     0 | D:1      | Reached XP level 1. HP: 16/16 MP: 1/1
   252 | D:1      | Gained mutation: When seriously injured, your bleeding wounds create armour. (AC +6) [demonic ancestry]
   252 | D:1      | Reached XP level 2. HP: 22/22 MP: 2/2
  1123 | D:2      | Gained mutation: When hurt, damage is shared between your health and your magic reserves. [demonic ancestry]
  1123 | D:2      | Reached XP level 3. HP: 21/28 MP: 3/3
  1267 | D:2      | Reached skill level 1 in Armour
  1969 | D:2      | Gained mutation: You sometimes gain a little power by taking damage. [demonic ancestry]
  1969 | D:2      | Reached XP level 4. HP: 33/34 MP: 4/4
  3650 | D:3      | Slain by an orc priest

Vault maps used:
D:1:      minmay_arrival_jagged, minmay_heptomino_h4
D:2:      first_bread
D:3:      roderic_roman_lattice, serial_park_tiny_1

Skill      XL: |  1  2  3 |
---------------+----------+-----
Long Blades    | 3 |  3.7
Dodging        | 3 |  3.1
Armour         | 1 |  1.6
Fighting       | |  2.7
Throwing       | |  1.7

Action                   |  1- 3 |  4- 6 || total
-------------------------+-------+-------++-------
Melee: Long sword        |   124 |    85 ||   209
 Stab: Sleeping          |     3 |       ||     3
  Eat: Chunk             |     3 |     3 ||     6
       Royal jelly       |       |     1 ||     1
Armor: Leather armour    |    36 |    23 ||    59
Dodge: Dodged            |    83 |    60 ||   143
       Rpst.: Long sword |    22 |    22 ||    44

Table legend:
 A = Spawn XP
 B = Non-spawn XP
 C = Spawn XP percentage of total XP
 D = Spawn monster count
 E = Non-spawn monster count
 F = Spawn count percentage of total count
 G = Total turns spent on level
                    A         B        C        D         E        F      G
               +---------+---------+-------+---------+---------+-------+---------
         Total |       0 |     152 |   0.0 |       0 |      64 |   0.0 |  3650
               +---------+---------+-------+---------+---------+-------+---------
           D:1 |       0 |      38 |   0.0 |       0 |      23 |   0.0 |  1104
           D:2 |       0 |      73 |   0.0 |       0 |      27 |   0.0 |  1629
           D:3 |       0 |      41 |   0.0 |       0 |      14 |   0.0 |   917
               +---------+---------+-------+---------+---------+-------+---------
